APL (24 & UNDER)
NASHUA REDLEGS @ EL PASO TEXANS
05/10/2028
 
TOP OF THE 1ST
Nashua Redlegs batting - Pitching for El Paso Texans : RHP George Floyd
Pitching: RHP George Floyd
Batting: LHB Bob Campbell 0-0: Foul Ball, location: 2F
0-1: Ball
1-1: Swinging Strike
1-2: Ball
2-2: SINGLE (Groundball, 5D)
Batting: RHB Currito Campos 0-0: Called Strike
Bob Campbell steals 2nd base
0-1: Ball
1-1: Swinging Strike
1-2: Strikes out swinging
Batting: RHB Jorge Valenzuela 0-0: Called Strike
0-1: Called Strike
0-2: Foul Ball, location: 2F
0-2: Strikes out looking
Batting: SHB José Vélez 0-0: Ball
1-0: Fly out, F7 (Flyball, 7)
Top of the 1st over - 0 run(s), 1 hit(s), 0 error(s), 1 left on base; Nashua 0 - El Paso 0
BOTTOM OF THE 1ST
El Paso Texans batting - Pitching for Nashua Redlegs : RHP Tomás Silva
Pitching: RHP Tomás Silva
Batting: RHB Jody Díaz 0-0: Called Strike
0-1: Ball
1-1: Called Strike
1-2: Strikes out swinging
Batting: LHB William Foley 0-0: Ball
1-0: Ground out 1-3 (Groundball, P)
Batting: RHB Marvin Johnson 0-0: Swinging Strike
0-1: Ball
1-1: Foul Ball, location: 2F
1-2: Foul Ball, location: 2F
1-2: Strikes out looking
Bottom of the 1st over - 0 run(s), 0 hit(s), 0 error(s), 0 left on base; Nashua 0 - El Paso 0
TOP OF THE 2ND
Nashua Redlegs batting - Pitching for El Paso Texans : RHP George Floyd
Batting: RHB Dave Warren 0-0: Fly out, F7 (Flyball, 7LM)
Batting: SHB Chris Young 0-0: Ball
1-0: Called Strike
1-1: Ball
2-1: Called Strike
2-2: Ball
3-2: Strikes out swinging
Batting: RHB António Pérez 0-0: Swinging Strike
0-1: Ball
1-1: Foul Ball, location: 2F
1-2: Strikes out swinging
Top of the 2nd over - 0 run(s), 0 hit(s), 0 error(s), 0 left on base; Nashua 0 - El Paso 0
BOTTOM OF THE 2ND
El Paso Texans batting - Pitching for Nashua Redlegs : RHP Tomás Silva
Batting: RHB Andrew O'Dell 0-0: Called Strike
0-1: Foul Ball, location: 2F
0-2: Foul Ball, location: 2F
0-2: Ball
1-2: Ball
2-2: Ball
3-2: Foul Ball, location: 2F
3-2: Reached on error, E5 (Groundball, 56)
Batting: LHB Roberto Félix 0-0: Ball
1-0: Ball
2-0: Called Strike
2-1: Ground out 4-3 (Groundball, 34)
Andrew O'Dell to second
Batting: RHB Javier Álvarez 0-0: Called Strike
0-1: Swinging Strike
0-2: Strikes out swinging
Batting: LHB Cipriano Rangel 0-0: Ball
1-0: Ball
2-0: Ball
3-0: Called Strike
3-1: Base on Balls
Batting: SHB Oliver Riley 0-0: DOUBLE (Groundball, 3L)
Andrew O'Dell scores
Cipriano Rangel to third
Runner from 3rd tries for Home, SAFE, no throw
Batting: LHB Michael Melton 0-0: Ball
1-0: Swinging Strike
1-1: Ball
2-1: Swinging Strike
2-2: Strikes out swinging
Bottom of the 2nd over - 2 run(s), 1 hit(s), 1 error(s), 1 left on base; Nashua 0 - El Paso 2
TOP OF THE 3RD
Nashua Redlegs batting - Pitching for El Paso Texans : RHP George Floyd
Batting: RHB Katsuhito Ohayashi 0-0: Called Strike
0-1: Ball
1-1: Swinging Strike
1-2: Strikes out swinging
Batting: RHB Joe Smith 0-0: Called Strike
0-1: Ball
1-1: Called Strike
1-2: Strikes out swinging
Batting: LHB Bob Campbell 0-0: Swinging Strike
0-1: Swinging Strike
0-2: Ball
1-2: Foul Ball, location: 2F
1-2: Foul Ball, location: 2F
1-2: Strikes out swinging
Top of the 3rd over - 0 run(s), 0 hit(s), 0 error(s), 0 left on base; Nashua 0 - El Paso 2
BOTTOM OF THE 3RD
El Paso Texans batting - Pitching for Nashua Redlegs : RHP Tomás Silva
Batting: RHB Jody Díaz 0-0: Ball
1-0: SINGLE (Groundball, 6MD)
Batting: LHB William Foley 0-0: Ball
1-0: Called Strike
1-1: Ball
2-1: Swinging Strike
2-2: Ground out 4-3 (Groundball, 4S)
Jody Díaz to second
Batting: RHB Marvin Johnson 0-0: Called Strike
0-1: Ball
1-1: 2-RUN HOME RUN (Flyball, 7D), Distance : 397 ft
Batting: RHB Andrew O'Dell 0-0: Fly out, F9 (Flyball, 9LMF)
Batting: LHB Roberto Félix 0-0: Swinging Strike
0-1: Ground out 4-3 (Groundball, 4)
Bottom of the 3rd over - 2 run(s), 2 hit(s), 0 error(s), 0 left on base; Nashua 0 - El Paso 4
TOP OF THE 4TH
Nashua Redlegs batting - Pitching for El Paso Texans : RHP George Floyd
Batting: RHB Currito Campos 0-0: Called Strike
0-1: Swinging Strike
0-2: Ball
1-2: Ball
2-2: Strikes out swinging
Batting: RHB Jorge Valenzuela 0-0: Ball
1-0: Ball
2-0: Called Strike
2-1: Called Strike
2-2: Ground out 4-3 (Groundball, 4)
Batting: SHB José Vélez 0-0: SINGLE (Groundball, 4D)
Batting: RHB Dave Warren 0-0: Ball
José Vélez steals 2nd base
1-0: Foul Ball, location: 2F
1-1: Ground out 5-3 (Groundball, 5L)
Top of the 4th over - 0 run(s), 1 hit(s), 0 error(s), 1 left on base; Nashua 0 - El Paso 4
BOTTOM OF THE 4TH
El Paso Texans batting - Pitching for Nashua Redlegs : RHP Tomás Silva
Batting: RHB Javier Álvarez 0-0: Ground out 6-3 (Groundball, 56)
Batting: LHB Cipriano Rangel 0-0: Called Strike
0-1: Ball
1-1: Swinging Strike
1-2: Foul Ball, location: 2F
1-2: Foul Ball, location: 2F
1-2: Strikes out swinging
Batting: SHB Oliver Riley 0-0: Foul Ball, location: 2F
0-1: Called Strike
0-2: Ball
1-2: Ball
2-2: Ground out 5-3 (Groundball, 56S)
Bottom of the 4th over - 0 run(s), 0 hit(s), 0 error(s), 0 left on base; Nashua 0 - El Paso 4
TOP OF THE 5TH
Nashua Redlegs batting - Pitching for El Paso Texans : RHP George Floyd
Batting: SHB Chris Young 0-0: Ball
1-0: Fly out, F8 (Flyball, 78S)
Batting: RHB António Pérez 0-0: Foul Ball, location: 2F
0-1: Called Strike
0-2: Strikes out swinging
Batting: RHB Katsuhito Ohayashi 0-0: Foul Ball, location: 2F
0-1: Swinging Strike
0-2: Foul Ball, location: 2F
0-2: Foul Ball, location: 2F
0-2: SINGLE (Line Drive, 7LM)
Batting: RHB Joe Smith 0-0: Called Strike
0-1: Ball
1-1: Ball
Katsuhito Ohayashi steals 2nd base
2-1: Ball
3-1: Foul Ball, location: 2F
3-2: Ground out 6-3 (Groundball, 6)
Top of the 5th over - 0 run(s), 1 hit(s), 0 error(s), 1 left on base; Nashua 0 - El Paso 4
BOTTOM OF THE 5TH
El Paso Texans batting - Pitching for Nashua Redlegs : RHP Tomás Silva
Batting: LHB Michael Melton 0-0: Called Strike
0-1: Foul Ball, location: 2F
0-2: Ball
1-2: Ground out 6-3 (Groundball, 6S)
Batting: RHB Jody Díaz 0-0: Called Strike
0-1: Ball
1-1: Ball
2-1: Ball
3-1: Swinging Strike
3-2: Ground out U3 (Groundball, 34S)
Batting: LHB William Foley 0-0: Ball
1-0: Swinging Strike
1-1: Foul Ball, location: 2F
1-2: Ball
2-2: Ball
3-2: Foul Ball, location: 2F
3-2: SINGLE (Groundball, 34D)
Batting: RHB Marvin Johnson 0-0: Foul Ball, location: 2F
0-1: Swinging Strike
0-2: SINGLE (Line Drive, 56D)
William Foley to second
Runner from 2nd tries for 3rd, SAFE, throw made to third
Batting: RHB Andrew O'Dell 0-0: Called Strike
0-1: Ball
1-1: Swinging Strike
1-2: Fly out, F4 (Line Drive, 4)
Bottom of the 5th over - 0 run(s), 2 hit(s), 0 error(s), 2 left on base; Nashua 0 - El Paso 4
TOP OF THE 6TH
Nashua Redlegs batting - Pitching for El Paso Texans : RHP George Floyd
Batting: LHB Bob Campbell 0-0: Called Strike
0-1: SINGLE (Line Drive, 6MD)
Batting: RHB Currito Campos 0-0: Called Strike
0-1: Grounds into double play, 6-4-3 (Groundball, 6)
Batting: RHB Jorge Valenzuela 0-0: Swinging Strike
0-1: Foul Ball, location: 2F
0-2: Foul Ball, location: 2F
0-2: Ball
1-2: Strikes out swinging
Top of the 6th over - 0 run(s), 1 hit(s), 0 error(s), 0 left on base; Nashua 0 - El Paso 4
BOTTOM OF THE 6TH
El Paso Texans batting - Pitching for Nashua Redlegs : RHP Tomás Silva
Pitching: RHP Jason Spencer
Batting: LHB Roberto Félix 0-0: Ball
1-0: Fly out, F7 (Flyball, 78S)
Batting: RHB Javier Álvarez 0-0: Foul Ball, location: 2F
0-1: Foul Ball, location: 2F
0-2: Foul Ball, location: 2F
0-2: Hit by Pitch
Batting: LHB Cipriano Rangel 0-0: Called Strike
0-1: DOUBLE (Line Drive, 9LS)
Javier Álvarez to third
Batting: SHB Oliver Riley 0-0: Ball
1-0: Ground out 4-3 (Groundball, 34)
Javier Álvarez scores
Cipriano Rangel to third
Batting: LHB Michael Melton 0-0: Ball
1-0: DOUBLE (Flyball, 78XD)
Cipriano Rangel scores
Batting: RHB Jody Díaz 0-0: 2-RUN HOME RUN (Flyball, 9D), Distance : 406 ft
Pitching: LHP Ramón Córdova
Batting: LHB William Foley 0-0: Ball
1-0: Swinging Strike
1-1: Ground out 6-3 (Groundball, 6)
Bottom of the 6th over - 4 run(s), 3 hit(s), 0 error(s), 0 left on base; Nashua 0 - El Paso 8
TOP OF THE 7TH
Nashua Redlegs batting - Pitching for El Paso Texans : RHP George Floyd
Batting: SHB José Vélez 0-0: Ball
1-0: Foul Ball, location: 2F
1-1: Ball
2-1: Called Strike
2-2: Strikes out swinging
Batting: RHB Dave Warren 0-0: Ball
1-0: Ball
2-0: Ball
3-0: Called Strike
3-1: Foul Ball, location: 2F
3-2: SINGLE (Groundball, 6MD)
Pitching: RHP Mike Marks
Batting: SHB Chris Young 0-0: Ball
1-0: Ball
2-0: Ball
3-0: Called Strike
3-1: Foul Ball, location: 2F
3-2: Foul Ball, location: 2F
3-2: Fly out, F6 (Line Drive, 6)
Lined into DP, 6-3 (Line Drive, 6)
Top of the 7th over - 0 run(s), 1 hit(s), 0 error(s), 0 left on base; Nashua 0 - El Paso 8
BOTTOM OF THE 7TH
El Paso Texans batting - Pitching for Nashua Redlegs : LHP Ramón Córdova
Batting: RHB Marvin Johnson 0-0: Ball
1-0: Ball
2-0: Ball
3-0: Base on Balls
Batting: RHB Andrew O'Dell 0-0: Called Strike
0-1: Called Strike
0-2: Strikes out swinging
Batting: LHB Roberto Félix 0-0: Fly out, F9 (Flyball, 89M)
Batting: RHB Javier Álvarez 0-0: Foul Ball, location: 2F
0-1: Foul Ball, location: 2F
0-2: Foul Ball, location: 2F
0-2: Ball
1-2: Ball
2-2: Strikes out swinging
Bottom of the 7th over - 0 run(s), 0 hit(s), 0 error(s), 1 left on base; Nashua 0 - El Paso 8
TOP OF THE 8TH
Nashua Redlegs batting - Pitching for El Paso Texans : RHP Mike Marks
Batting: RHB António Pérez 0-0: Called Strike
0-1: Fly out, F8 (Flyball, 8RM)
Batting: RHB Katsuhito Ohayashi 0-0: Ball
1-0: Foul Ball, location: 2F
1-1: Foul Ball, location: 2F
1-2: Strikes out swinging
Batting: RHB Joe Smith 0-0: Foul Ball, location: 2F
0-1: Foul Ball, location: 2F
0-2: Hit by Pitch
Batting: LHB Bob Campbell
Pinch Hitting: RHB Joe Noble 0-0: SINGLE (Line Drive, 8RS)
Joe Smith to second
Pinch Hitting: RHB Jimmy Skinner 0-0: Called Strike
0-1: SINGLE (Groundball, 56D)
Joe Smith to third
Joe Noble to second
Runner from 3rd tries for Home, SAFE, no throw
Batting: RHB Jorge Valenzuela 0-0: Called Strike
0-1: Ball
1-1: Ball
2-1: Reached on error, E8 (Flyball, 8LM)
Joe Noble scores
Jimmy Skinner to third
Batting: SHB José Vélez 0-0: Foul Ball, location: 2F
0-1: Fly out, F8 (Flyball, 8RXD)
Top of the 8th over - 2 run(s), 2 hit(s), 1 error(s), 2 left on base; Nashua 2 - El Paso 8
BOTTOM OF THE 8TH
El Paso Texans batting - Pitching for Nashua Redlegs : LHP Ramón Córdova
Now at 1B: Joe Noble
Now in CF: Jimmy Skinner
Batting: LHB Cipriano Rangel 0-0: Ball
1-0: Ball
2-0: Called Strike
2-1: Fly out, F8 (Flyball, 8RM)
Batting: SHB Oliver Riley 0-0: Called Strike
0-1: Ground out 6-3 (Groundball, 6S)
Batting: LHB Michael Melton 0-0: Ball
1-0: Called Strike
1-1: Ball
2-1: Called Strike
2-2: Reached on error, E5 (Groundball, 56S)
Batting: RHB Jody Díaz 0-0: Ball
1-0: Ball
2-0: Foul Ball, location: 2F
2-1: Ball
3-1: Base on Balls
Batting: LHB William Foley 0-0: Ball
1-0: Fielders Choice at 2nd, 6-4 (Groundball, 56D)
Bottom of the 8th over - 0 run(s), 0 hit(s), 1 error(s), 1 left on base; Nashua 2 - El Paso 8
TOP OF THE 9TH
Nashua Redlegs batting - Pitching for El Paso Texans : RHP Mike Marks
Batting: RHB Dave Warren 0-0: Called Strike
0-1: Ground out 6-3 (Groundball, 56)
Batting: SHB Chris Young 0-0: Foul Ball, location: 2F
0-1: Ball
1-1: Ball
2-1: Called Strike
2-2: Ball
3-2: Foul Ball, location: 2F
3-2: Foul Ball, location: 2F
3-2: Strikes out looking
Batting: RHB António Pérez 0-0: Ball
1-0: Ball
2-0: Foul Ball, location: 2F
2-1: Fly out, F5 (Popup, 5)
Top of the 9th over - 0 run(s), 0 hit(s), 0 error(s), 0 left on base; Nashua 2 - El Paso 8
Tuesday, August 8th, 2017 - OOTP Baseball 17.12 Build 75